Map: Dash and Terminal LE (Void)

Players

SticklerMac

  • Race: Terran Terran
  • League: Bronze

Grosmarco - Winner!

  • Race: Protoss Protoss
  • League: Bronze

VOD

Have the link to the VOD?

Description

Time

  • Played on: July 29, 2015, 10:06 a.m.
  • Length: 6:02
Show
View Real Time Build Order
Export as new Build Order

SticklerMac Terran 

Build Orders:  

Get SALT Encoding   

  13  0:07  SCV  
  13  0:14  Supply Depot  
  13  0:19  SCV  
  14  0:31  SCV  
  15  0:37  Barracks  
  15  0:46  SCV, Refinery  
  16  0:58  SCV  
  16  1:01  Refinery  
  17  1:18  SCV  
  17  1:24  Barracks  
  18  1:26  Marine  
  18  1:28  Supply Depot  
  18  1:31  SCV  
  20  1:53  SCV  
  21  1:55  Factory  
  21  2:09  Marine  
  22  2:16  Marine  
  22  2:21  SCV  
  24  2:27  Marine  
  25  2:34  Marine  
  23  2:45  Marine  
  23  2:49  Barracks  
  23  2:51  Barracks  
  24  2:52  Marine  
  25  3:00  Starport  
  25  3:05  Marine  
  24  3:10  Marine  
  26  3:23  Marine  
  27  3:27  Marine  
  28  3:41  Marine  
  28  3:45  Marine  
  28  3:46  Marine  
  31  3:56  Marine  
  31  3:59  Marine  
  31  4:10  Marine  
  31  4:11  Marine  
  31  4:14  Marine  
  31  4:18  Marine  
  31  4:25  Bunker  
  31  4:27  Bunker  
  31  5:18  Bunker  
  31  5:26  Supply Depot  
  31  5:28  Supply Depot  
  31  5:29  Marine  
  31  5:30  Supply Depot x2  
  31  5:31  Marine  
  31  5:32  Marine  
  31  5:34  Marine  
Show
View Real Time Build Order
Export as new Build Order

Grosmarco Protoss - Winner!

Build Orders: Dark Templar Rush 

Get SALT Encoding   

  12  0:01  Probe  
  13  0:19  Probe, Pylon  
  14  0:37  Probe (Chrono Boost)  
  14  0:40  Gateway  
  15  0:48  Probe (Chrono Boost)  
  16  0:55  Probe (Chrono Boost)  
  16  0:57  Pylon  
  17  1:00  Assimilator  
  17  1:06  Probe  
  18  1:18  Probe  
  19  1:30  Zealot  
  19  1:31  Probe (Chrono Boost)  
  22  1:36  Cybernetics Core  
  22  1:43  Probe (Chrono Boost)  
  23  1:49  Probe (Chrono Boost)  
  24  1:56  Pylon  
  24  2:04  Zealot  
  25  2:09  Probe (Chrono Boost)  
  26  2:17  Assimilator  
  26  2:20  Probe (Chrono Boost)  
  27  2:24  Twilight Council  
  27  2:28  Probe (Chrono Boost)  
  28  2:47  Adept (Chrono Boost)  
  30  3:00  Nexus  
  30  3:03  Pylon  
  30  3:07  Adept (Chrono Boost)  
  32  3:14  Probe  
  33  3:22  Pylon  
  33  3:23  Forge  
  33  3:26  Probe  
  34  3:37  Adept (Chrono Boost)  
  34  3:38  Probe  
  37  3:54  Dark Shrine  
  37  3:57  Warp Gate  
  37  3:58  Gateway  
  35  4:22  Adept  
  37  4:29  Gateway  
  37  4:31  Pylon  
  37  4:38  Probe, Photon Cannon  
  37  4:40  Probe  
  37  4:41  Photon Cannon  
  39  4:49  Adept  
  42  5:00  Probe (Chrono Boost), Pylon  
  44  5:08  Mothership Core (Chrono Boost)  
  44  5:09  Probe (Chrono Boost)  
  44  5:14  Photon Cannon  
  45  5:16  Adept  
  45  5:17  Probe  
  50  5:21  Dark Templar x2  
Tags
 
Add a new tag
Caveats
  • Supply blocks, unpowered buildings, or Contaminate may cause inaccurate times.
  • Supply counts are checked every 10 seconds.